SA
DELAWARE 1787 BC @ MANCELONA TORCH
06/22/2042
 
TOP OF THE 1ST
Delaware 1787 BC batting - Pitching for Mancelona Torch : LHP Marcos Lucero
Pitching: LHP Marcos Lucero
Batting: RHB Ryan Dodson 0-0: DOUBLE (Line Drive, 9LM, EV 106.2 MPH)
Batting: RHB Justin Schock 0-0: Ball
1-0: Ball
2-0: Ball
3-0: Base on Balls
Batting: RHB Mhelter Tejano 0-0: Ball
1-0: Foul Ball, location: 2F
1-1: Ball
2-1: Foul Ball, location: 2F
2-2: Strikes out swinging
Batting: RHB Eduardo Lucciardi 0-0: Ball
1-0: Foul Ball, location: 2F
1-1: Ball
2-1: DOUBLE (Line Drive, 89XD, EV 110.0 MPH)
Ryan Dodson scores
Justin Schock to third
Batting: RHB Julián Zambrano 0-0: Ball
1-0: SINGLE (Line Drive, 56, EV 96.2 MPH)
Justin Schock scores
Eduardo Lucciardi to third
Batting: RHB Mike Williams 0-0: Called Strike
0-1: Foul Ball, location: 2F
0-2: Foul Ball, location: 2F
0-2: Ball
1-2: Ball
2-2: Foul Ball, location: 2F
2-2: DOUBLE (Flyball, 8LXD, EV 98.1 MPH)
Eduardo Lucciardi scores
Julián Zambrano to third
Batting: RHB Brian Thomas 0-0: Ball
1-0: Foul Ball, location: 2F
1-1: Ground out 5-3 (Groundball, 56S, EV 92.5 MPH)
Julián Zambrano scores
Batting: LHB Chandler Schroeder 0-0: Swinging Strike
0-1: Ball
1-1: Foul Ball, location: 2F
1-2: Ball
2-2: Ball
3-2: Foul Ball, location: 2F
3-2: Fly out, F8 (Flyball, 8RM, EV 78.8 MPH)
Top of the 1st over - 4 runs, 4 hits, 0 errors, 1 left on base; Delaware 4 - Mancelona 0
BOTTOM OF THE 1ST
Mancelona Torch batting - Pitching for Delaware 1787 BC : RHP Greg Ayala
Pitching: RHP Greg Ayala
Batting: RHB Paul Sykes 0-0: Called Strike
0-1: Swinging Strike
0-2: Strikes out swinging
Batting: RHB Carlos Vélez 0-0: Called Strike
0-1: Ball
1-1: Called Strike
1-2: Strikes out looking
Batting: RHB Rubén Jusino 0-0: Ball
1-0: DOUBLE (Line Drive, 5D, EV 103.1 MPH)
Batting: LHB Diego Alejandro Ureña 0-0: Called Strike
0-1: Ball
1-1: Fly out, F7 (Flyball, 78M, EV 90.6 MPH)
Bottom of the 1st over - 0 runs, 1 hit, 0 errors, 1 left on base; Delaware 4 - Mancelona 0
TOP OF THE 2ND
Delaware 1787 BC batting - Pitching for Mancelona Torch : LHP Marcos Lucero
Batting: RHB Gabriel López 0-0: Swinging Strike
0-1: Foul Ball, location: 2F
0-2: Ball
1-2: Foul Ball, location: 2F
1-2: SINGLE (Line Drive, 89S, EV 103.8 MPH)
Batting: RHB Ryan Dodson 0-0: Swinging Strike
0-1: Ball
1-1: Grounds into double play, 6-4-3 (Groundball, 6, EV 107.5 MPH)
Batting: RHB Justin Schock 0-0: Ball
1-0: Fly out, F7 (Flyball, 7LM, EV 108.8 MPH)
Top of the 2nd over - 0 runs, 1 hit, 0 errors, 0 left on base; Delaware 4 - Mancelona 0
BOTTOM OF THE 2ND
Mancelona Torch batting - Pitching for Delaware 1787 BC : RHP Greg Ayala
Batting: RHB Joel Fagliano 0-0: Swinging Strike
0-1: Ball
1-1: Called Strike
1-2: Strikes out swinging
Batting: RHB Wayne Haylock 0-0: Ball
1-0: Called Strike
1-1: Swinging Strike
1-2: Foul Ball, location: 2F
1-2: Strikes out swinging
Batting: RHB Kuan Ru 0-0: Ground out 6-3 (Groundball, 6, EV 92.5 MPH)
Bottom of the 2nd over - 0 runs, 0 hits, 0 errors, 0 left on base; Delaware 4 - Mancelona 0
TOP OF THE 3RD
Delaware 1787 BC batting - Pitching for Mancelona Torch : LHP Marcos Lucero
Batting: RHB Mhelter Tejano 0-0: Called Strike
0-1: Ball
1-1: Foul Ball, location: 2F
1-2: Strikes out swinging
Batting: RHB Eduardo Lucciardi 0-0: Called Strike
0-1: Called Strike
0-2: Foul Ball, location: 2F
0-2: Ball
1-2: SINGLE (Flyball, 89M, EV 91.2 MPH)
Batting: RHB Julián Zambrano 0-0: SINGLE (Flyball, 8RS, EV 95.0 MPH)
Eduardo Lucciardi to second
Batting: RHB Mike Williams 0-0: Ball
1-0: Called Strike
1-1: Swinging Strike
1-2: Ball
2-2: Strikes out looking
Batting: RHB Brian Thomas 0-0: Ball
1-0: Foul Ball, location: 2F
1-1: Called Strike
1-2: Ball
2-2: Foul Ball, location: 2F
2-2: SINGLE (Line Drive, 89S, EV 110.0 MPH)
Eduardo Lucciardi to third
Julián Zambrano to second
Batting: LHB Chandler Schroeder 0-0: Ball
1-0: Fly out, F8 (Line Drive, 8LD, EV 91.9 MPH)
Top of the 3rd over - 0 runs, 3 hits, 0 errors, 3 left on base; Delaware 4 - Mancelona 0
BOTTOM OF THE 3RD
Mancelona Torch batting - Pitching for Delaware 1787 BC : RHP Greg Ayala
Batting: RHB Glen Stockhill 0-0: Ball
1-0: Called Strike
1-1: Swinging Strike
1-2: Strikes out swinging
Batting: RHB Francisco Rocha 0-0: Called Strike
0-1: Ball
1-1: Called Strike
1-2: Ball
2-2: Ball
3-2: SINGLE (Groundball, 56S, EV 62.5 MPH) (infield hit)
Batting: RHB Paul Sykes Pickoff Throw to First - Out! 1-3
0-0: Called Strike
0-1: Ball
1-1: SINGLE (Groundball, 6MD, EV 97.5 MPH)
Batting: RHB Carlos Vélez 0-0: Ball
Paul Sykes steals 2nd base
1-0: Swinging Strike
1-1: Foul Ball, location: 2F
1-2: Strikes out looking
Bottom of the 3rd over - 0 runs, 2 hits, 0 errors, 1 left on base; Delaware 4 - Mancelona 0
TOP OF THE 4TH
Delaware 1787 BC batting - Pitching for Mancelona Torch : LHP Marcos Lucero
Batting: RHB Gabriel López 0-0: Called Strike
0-1: Ball
1-1: SINGLE (Groundball, 4MD, EV 93.8 MPH)
Batting: RHB Ryan Dodson 0-0: Ball
1-0: Called Strike
1-1: Foul Ball, location: 2F
1-2: Fielders Choice at 2nd, 5-4 (Groundball, 56, EV 105.6 MPH)
Batting: RHB Justin Schock 0-0: Swinging Strike
0-1: Swinging Strike
0-2: Strikes out swinging
Batting: RHB Mhelter Tejano 0-0: Foul Ball, location: 2F
0-1: Called Strike
0-2: Strikes out swinging
Top of the 4th over - 0 runs, 1 hit, 0 errors, 1 left on base; Delaware 4 - Mancelona 0
BOTTOM OF THE 4TH
Mancelona Torch batting - Pitching for Delaware 1787 BC : RHP Greg Ayala
Batting: RHB Rubén Jusino 0-0: Ball
1-0: Foul Ball, location: 2F
1-1: Foul Ball, location: 2F
1-2: Ball
2-2: Strikes out swinging, 2-3 out at first.
Batting: LHB Diego Alejandro Ureña 0-0: Ball
1-0: Called Strike
1-1: Ball
2-1: Swinging Strike
2-2: Ball
3-2: Foul Ball, location: 2F
3-2: Base on Balls
Batting: RHB Joel Fagliano 0-0: Called Strike
0-1: Ball
1-1: Called Strike
1-2: Ball
2-2: Foul Ball, location: 2F
2-2: Fielders Choice at 2nd, 6-4 (Groundball, 6, EV 86.9 MPH)
Batting: RHB Wayne Haylock 0-0: Called Strike
0-1: Swinging Strike
0-2: Ball
1-2: Strikes out swinging
Bottom of the 4th over - 0 runs, 0 hits, 0 errors, 1 left on base; Delaware 4 - Mancelona 0
TOP OF THE 5TH
Delaware 1787 BC batting - Pitching for Mancelona Torch : LHP Marcos Lucero
Batting: RHB Eduardo Lucciardi 0-0: Ground out 6-3 (Groundball, 6, EV 75.6 MPH)
Batting: RHB Julián Zambrano 0-0: Ball
1-0: Foul Ball, location: 2F
1-1: Ball
2-1: Foul Ball, location: 2F
2-2: Foul Ball, location: 2F
2-2: Foul Ball, location: 2F
2-2: Ball
3-2: Base on Balls
Batting: RHB Mike Williams 0-0: Called Strike
0-1: DOUBLE (Flyball, 89XD, EV 108.8 MPH)
Julián Zambrano to third
Runner from 3rd tries for Home, SAFE, throw by CF to home
Pitching: LHP Jorge Ortega
Batting: RHB Brian Thomas 0-0: Foul Ball, location: 2F
0-1: Ball
1-1: Ball
2-1: Ball
3-1: Swinging Strike
3-2: Foul Ball, location: 2F
3-2: Strikes out swinging
Batting: LHB Chandler Schroeder 0-0: Foul Ball, location: 2F
0-1: Ball
1-1: Ball
2-1: Swinging Strike
2-2: Ground out 5-3 (Groundball, 5, EV 86.2 MPH)
Top of the 5th over - 1 run, 1 hit, 0 errors, 1 left on base; Delaware 5 - Mancelona 0
BOTTOM OF THE 5TH
Mancelona Torch batting - Pitching for Delaware 1787 BC : RHP Greg Ayala
Batting: RHB Kuan Ru 0-0: Ball
1-0: Called Strike
1-1: Ball
2-1: Fly out, F9 (Flyball, 9S, EV 85.0 MPH)
Batting: RHB Glen Stockhill 0-0: Ball
1-0: Called Strike
1-1: Called Strike
1-2: Ball
2-2: Strikes out swinging
Batting: RHB Francisco Rocha 0-0: Ball
1-0: Called Strike
1-1: Ball
2-1: Foul Ball, location: 2F
2-2: Strikes out swinging
Bottom of the 5th over - 0 runs, 0 hits, 0 errors, 0 left on base; Delaware 5 - Mancelona 0
TOP OF THE 6TH
Delaware 1787 BC batting - Pitching for Mancelona Torch : LHP Jorge Ortega
Batting: RHB Gabriel López 0-0: SINGLE (Line Drive, 34D, EV 106.2 MPH)
Batting: RHB Ryan Dodson 0-0: SINGLE (Groundball, 6MD, EV 96.2 MPH)
Gabriel López to second
Batting: RHB Justin Schock 0-0: Foul Ball, location: 2F
0-1: Swinging Strike
0-2: Ball
1-2: Ball
2-2: Fly out, F8 (Flyball, 78M, EV 96.2 MPH)
Batting: RHB Mhelter Tejano 0-0: SINGLE (Groundball, 4M, EV 108.8 MPH) (infield hit)
Gabriel López to third
Ryan Dodson to second
Batting: RHB Eduardo Lucciardi 0-0: Called Strike
0-1: Called Strike
0-2: Strikes out looking
Batting: RHB Julián Zambrano 0-0: SINGLE (Groundball, 6MD, EV 110.0 MPH)
Gabriel López scores
Ryan Dodson to third
Mhelter Tejano to second
Runner from 3rd tries for Home, SAFE, throw by CF to home
Batting: RHB Mike Williams 0-0: Swinging Strike
0-1: Ball
1-1: Foul Ball, location: 2F
1-2: Reached on error, E6 (Groundball, 6S, EV 71.2 MPH)
Mhelter Tejano to third
Julián Zambrano to second
Batting: RHB Brian Thomas 0-0: Ball
1-0: SINGLE (Flyball, 78S, EV 81.9 MPH)
Mhelter Tejano scores
Julián Zambrano to third
Mike Williams to second
Runner from 3rd tries for Home, SAFE, no throw by LF
Batting: LHB Chandler Schroeder 0-0: Called Strike
0-1: Ball
1-1: DOUBLE (Flyball, 7LD, EV 104.4 MPH)
Mike Williams scores
Brian Thomas to third
Runner from 3rd tries for Home, SAFE, no throw by LF
Pitching: RHP Mun-wah Rao
Batting: RHB Gabriel López 0-0: Ball
1-0: Called Strike
1-1: Ball
2-1: Ball
Wild Pitch!
Chandler Schroeder to third
3-1: Ground out 6-3 (Groundball, 6, EV 81.9 MPH)
Top of the 6th over - 6 runs, 6 hits, 1 error, 1 left on base; Delaware 11 - Mancelona 0
BOTTOM OF THE 6TH
Mancelona Torch batting - Pitching for Delaware 1787 BC : RHP Greg Ayala
Batting: RHB Paul Sykes 0-0: Called Strike
0-1: Ball
1-1: Fly out, F8 (Line Drive, 8RD, EV 102.5 MPH)
Batting: RHB Carlos Vélez 0-0: Fly out, F3 (Line Drive, 3, EV 73.8 MPH)
Batting: RHB Rubén Jusino 0-0: Ball
1-0: Ball
2-0: Called Strike
2-1: Called Strike
2-2: Ball
3-2: Strikes out swinging
Bottom of the 6th over - 0 runs, 0 hits, 0 errors, 0 left on base; Delaware 11 - Mancelona 0
TOP OF THE 7TH
Delaware 1787 BC batting - Pitching for Mancelona Torch : RHP Mun-wah Rao
Pinch Hitting: RHB Gary Clark 0-0: Ball
1-0: Ground out 6-3 (Groundball, 6S, EV 82.5 MPH)
Pinch Hitting: RHB Yuk Cong 0-0: Ball
1-0: Ball
2-0: Called Strike
2-1: Foul Ball, location: 2F
2-2: Ball
3-2: Base on Balls
Pinch Hitting: RHB Roy Walker 0-0: Called Strike
0-1: Ball
1-1: Ball
2-1: Ball
3-1: Foul Ball, location: 2F
3-2: Ground out 6-3 (Groundball, 6, EV 91.2 MPH)
Yuk Cong to second
Batting: RHB Eduardo Lucciardi 0-0: Called Strike
0-1: Ball
1-1: Called Strike
1-2: 2-RUN HOME RUN (Flyball, 78XD, EV 94.4 MPH), Distance : 418 ft
Pinch Hitting: LHB Taylor Culshaw 0-0: Ball
1-0: Called Strike
1-1: Foul Ball, location: 2F
1-2: Ball
2-2: Foul Ball, location: 2F
2-2: Strikes out swinging
Top of the 7th over - 2 runs, 1 hit, 0 errors, 0 left on base; Delaware 13 - Mancelona 0
BOTTOM OF THE 7TH
Mancelona Torch batting - Pitching for Delaware 1787 BC : RHP Greg Ayala
Now at 1B: Gary Clark
Now at 3B: Taylor Culshaw
Now at SS: Yuk Cong
Now in RF: Roy Walker
Pinch Hitting: RHB Juan Esteban Santángel 0-0: Ball
1-0: Ground out 1-3 (Groundball, 15S, EV 64.4 MPH)
Pinch Hitting: LHB Matt Holman 0-0: Foul Ball, location: 2F
0-1: Foul Ball, location: 2F
0-2: Ball
1-2: Ball
2-2: Ball
3-2: SINGLE (Groundball, 4MD, EV 105.6 MPH)
Batting: RHB Wayne Haylock 0-0: Ball
1-0: Ball
2-0: Grounds into double play, 5-4-3 (Groundball, 5, EV 80.6 MPH)
Bottom of the 7th over - 0 runs, 1 hit, 0 errors, 0 left on base; Delaware 13 - Mancelona 0
TOP OF THE 8TH
Delaware 1787 BC batting - Pitching for Mancelona Torch : RHP Mun-wah Rao
Now at 1B: Juan Esteban Santángel
Now in LF: Thiago Cicerón
Pinch Hitting: RHB Héctor Galindo 0-0: Swinging Strike
0-1: Called Strike
0-2: Ball
1-2: Ball
2-2: Foul Ball, location: 2F
2-2: Strikes out looking
Batting: RHB Brian Thomas 0-0: Called Strike
0-1: Called Strike
0-2: Foul Ball, location: 2F
0-2: Fly out, F7 (Flyball, 7LM, EV 96.2 MPH)
Batting: LHB Chandler Schroeder 0-0: Ball
1-0: Called Strike
1-1: Foul Ball, location: 2F
1-2: Ball
2-2: Strikes out swinging
Top of the 8th over - 0 runs, 0 hits, 0 errors, 0 left on base; Delaware 13 - Mancelona 0
BOTTOM OF THE 8TH
Mancelona Torch batting - Pitching for Delaware 1787 BC : RHP Greg Ayala
Now at 2B: Héctor Galindo
Batting: RHB Kuan Ru 0-0: Ball
1-0: Foul Ball, location: 2F
1-1: Ball
2-1: Fly out, F9 (Flyball, 9, EV 76.2 MPH)
Batting: RHB Glen Stockhill 0-0: Ball
1-0: Ball
2-0: Ball
3-0: Base on Balls
Batting: RHB Francisco Rocha 0-0: Ball
1-0: Ball
2-0: Ground out 6-3 (Groundball, 6MD, EV 100.0 MPH)
Glen Stockhill to second
Batting: RHB Paul Sykes 0-0: Called Strike
0-1: Called Strike
0-2: Ball
1-2: Foul Ball, location: 2F
1-2: Foul Ball, location: 2F
1-2: Foul Ball, location: 2F
1-2: Foul Ball, location: 2F
1-2: Ground out 6-3 (Groundball, 6, EV 85.0 MPH)
Bottom of the 8th over - 0 runs, 0 hits, 0 errors, 1 left on base; Delaware 13 - Mancelona 0
TOP OF THE 9TH
Delaware 1787 BC batting - Pitching for Mancelona Torch : RHP Mun-wah Rao
Batting: RHB Gabriel López 0-0: Ball
1-0: Swinging Strike
1-1: Ball
2-1: Ball
3-1: Called Strike
3-2: Ground out 3-1 (Groundball, 34S, EV 82.5 MPH)
Batting: RHB Gary Clark 0-0: Foul Ball, location: 2F
0-1: Swinging Strike
0-2: Ball
1-2: Strikes out swinging
Batting: RHB Yuk Cong 0-0: Ball
1-0: Foul Ball, location: 2F
1-1: SINGLE (Groundball, 25, EV 66.9 MPH) (infield hit)
Batting: RHB Roy Walker 0-0: Called Strike
0-1: Ball
1-1: Swinging Strike
1-2: Strikes out swinging
Top of the 9th over - 0 runs, 1 hit, 0 errors, 1 left on base; Delaware 13 - Mancelona 0
BOTTOM OF THE 9TH
Mancelona Torch batting - Pitching for Delaware 1787 BC : RHP Greg Ayala
Batting: RHB Carlos Vélez 0-0: Ball
1-0: Called Strike
1-1: Foul Ball, location: 2F
1-2: Ball
2-2: Strikes out looking
Pitching: RHP Guillermo Quiñones
Batting: RHB Rubén Jusino 0-0: Ground out 2-3 (Groundball, 13S, EV 70.6 MPH)
Batting: RHB Juan Esteban Santángel 0-0: Ball
1-0: Foul Ball, location: 2F
1-1: Ground out 1-3 (Groundball, 13S, EV 66.9 MPH)
Bottom of the 9th over - 0 runs, 0 hits, 0 errors, 0 left on base; Delaware 13 - Mancelona 0
Friday, March 26th, 2021 - OOTP Baseball 20.8 Build 74